General information
	        
			
        
        - name: BNet
 
        - type: Ladder 1vs1/FFA
 
        - host: Battle.net
 
        - saver: ImpotentAndBald
 
        
map: SecretValley 
        - players: 2
 
        - length: 21:53
 
        - speed: Fast
 - version: 1.22 W3XP
 - replay type:  Public
 
» download(101 KB)
Players
        team 1 (loser) 
              
              
Riocat (
blue | 150 APM | 3270 actions | 21:51)
              
 4 Archmage 
 2 Summon Water Elemental
 2 Brilliance Aura
 3 Mountain King 
 2 Storm Bolt
 1 Bash
 
                » actions 
                
                | Assign group hotkey | 38 |  | 
| Basic commands | 100 |  | 
| Build / train | 72 |  | 
| Enter build submenu | 21 |  | 
| Enter hero's abilities submenu | 7 |  | 
| Give item / drop item | 1 |  | 
| Right click | 1937 |  | 
| Select / deselect | 508 |  | 
| Select group hotkey | 517 |  | 
| Use ability | 69 |  | 
                3270 total
 » units 
                
                | Peasant | 15 |  | 
| Footman | 12 |  | 
| Sorceress | 1 |  | 
| Spell Breaker | 13 |  | 
| Priest | 10 |  | 
| Gryphon Rider | 3 |  | 
                54 total
 » buildings
                
                | Farm | 10 |  | 
| Altar of Kings | 1 |  | 
| Barracks | 1 |  | 
| Keep | 1 |  | 
| Arcane Vault | 2 |  | 
| Arcane Sanctum | 2 |  | 
| Lumber Mill | 1 |  | 
| Town Hall | 1 |  | 
| Castle | 3 |  | 
| Gryphon Aviary | 1 |  | 
                23 total
 » build order
                00:03 Farm
00:05 Farm
00:06 Altar of Kings
00:17 Farm
00:18 Barracks
00:36 Farm
01:40 Farm
03:08 Keep
03:15 Farm
03:41 Arcane Vault
03:43 Arcane Vault
04:07 Farm
06:04 Arcane Sanctum
06:05 Arcane Sanctum
06:53 Farm
06:55 Lumber Mill
07:42 Farm
11:48 Farm
13:36 Town Hall
15:39 Castle
15:39 Castle
17:47 Gryphon Aviary
» items
                 
               team 2 (winner) 
              
              
» 
ImpotentAndBald (
yellow | 135 APM | 2945 actions | 21:53)
              
 8 Blood Mage 
 3 Banish
 3 Siphon Mana
 1 Summon Phoenix
 1 Flame Strike
 
                » actions 
                
                | Assign group hotkey | 44 |  | 
| Basic commands | 73 |  | 
| Build / train | 71 |  | 
| Enter build submenu | 19 |  | 
| Enter hero's abilities submenu | 8 |  | 
| Give item / drop item | 4 |  | 
| Right click | 1497 |  | 
| Select / deselect | 494 |  | 
| Select group hotkey | 604 |  | 
| Use ability | 131 |  | 
                2945 total
 » units 
                
                | Peasant | 17 |  | 
| Footman | 7 |  | 
| Priest | 6 |  | 
| Sorceress | 1 |  | 
| Spell Breaker | 6 |  | 
| Mortar Team | 7 |  | 
                44 total
 » upgrades
                
                | Priest Training | 2 |  | 
| Flare | 1 |  | 
| Lumber Harvesting | 1 |  | 
| Fragmentation Shards | 1 |  | 
                5 total
 » buildings
                
                | Altar of Kings | 1 |  | 
| Farm | 9 |  | 
| Barracks | 1 |  | 
| Arcane Vault | 1 |  | 
| Keep | 1 |  | 
| Arcane Sanctum | 3 |  | 
| Blacksmith | 1 |  | 
| Workshop | 1 |  | 
| Lumber Mill | 1 |  | 
| Castle | 1 |  | 
| Town Hall | 1 |  | 
                21 total
 » build order
                00:06 Altar of Kings
00:10 Farm
00:15 Barracks
01:06 Farm
02:00 Farm
02:58 Arcane Vault
03:38 Farm
03:52 Keep
06:10 Farm
06:11 Farm
06:20 Arcane Sanctum
06:23 Blacksmith
06:40 Arcane Sanctum
06:44 Farm
07:33 Workshop
08:51 Arcane Sanctum
11:41 Farm
12:46 Lumber Mill
15:32 Castle
17:33 Town Hall
17:35 Farm
» items
                
                | Staff of Teleportation | 1 |  | 
| Boots of Speed | 1 |  | 
| Scroll of Regeneration | 2 |  | 
| Lesser Clarity Potion | 1 |  | 
| Potion of Healing | 3 |  | 
| Scroll of Town Portal | 1 |  | 
                9 total
  
                Chat log
          
(13:38 / All) Riocat: stop lagging
(13:43 / All) ImpotentAndBald: uhhhh
(13:49 / All) ImpotentAndBald: that was you
(17:47 / All) ImpotentAndBald: how many times are you going to try to surround my bm?
(19:04 / All) ImpotentAndBald: it will work this time dont worry